 Dungeon Crawl Stone Soup version 0.31-a0-210-gccc998df9b (webtiles) character file.

Game seed: 5629402215902520402

288 qw the Shooter (level 6, 0/37 HPs)
             Began as a Gargoyle Hexslinger on June 29, 2023.
             Slain by a goblin
             ... wielding a +0 dagger
              (1 damage)
             ... on level 4 of the Dungeon.
             The game lasted 00:01:11 (2264 turns).

qw the Shooter (Gargoyle Hexslinger)                Turns: 2264, Time: 00:01:12

Health: 0/37       AC:  8    Str: 11 (12) XL:     6   Next: 31%
Magic:  7/7        EV: 17    Int: 13      God:
Gold:   181        SH:  0    Dex: 13 (14) Spells: 6/7 levels left

rFire   . . .        Y - +1 sling
rCold   . . .        (no shield)
rNeg    + . .        e - +2 robe {Will+}
rPois   inf          (no helmet)
rElec   +            (no cloak)
rCorr   .            (no gloves)
SInv    .            (no boots)
Will    +....        (no amulet)
Stlth   +            b - +5 ring of evasion
HPRegen 0.26/turn    (no ring)
MPRegen 0.10/turn

%: no passive effects
@: about to teleport
A: sickness immunity, AC +4, negative energy resistance 1, electricity
resistance, torment resistance 1, petrification resistance
a: no special abilities


You were on level 4 of the Dungeon.
You visited 1 branch of the dungeon, and saw 4 of its levels.

You collected 181 gold pieces.


Innate Abilities, Weirdness & Mutations

You are immune to sickness and miasma.
Your stone body is resilient. (AC +4)
You are immune to poison.
You resist negative energy. (rN+)
You are resistant to electric shocks. (rElec)
You are resistant to unholy torment.
You are immune to petrification.


   Skills:
 - Level 3.0 Fighting
 + Level 5.8 Ranged Weapons
 - Level 1.5 Dodging
 - Level 1.0 Spellcasting
 - Level 2.6 Hexes


You had 6 spell levels left.
You knew the following spells:

 Your Spells              Type           Power      Damage    Failure   Level
a - Slow                  Hex            28%        N/A       10%         1

Your spell library contained the following spells:

 Spells                   Type           Power      Damage    Failure   Level
 Inner Flame              Hex/Fire       4%         N/A       43%         3
 Portal Projectile        Hex/Tloc       8%         N/A       43%         3
 Cause Fear               Hex            3%         N/A       67%         4

Inventory:

Hand Weapons
 Y - a +1 sling (weapon)
Armour
 e - a +2 robe of willpower (worn)
Jewellery
 b - a +5 ring of evasion (left hand)
Scrolls
 k - a scroll of identify
Potions
 a - a potion of enlightenment
 d - a potion of lignification {unknown}
 f - a potion of invisibility {unknown}
 g - a potion of brilliance {unknown}
 h - a potion of ambrosia {unknown}
 i - 3 potions of haste
 j - 2 potions of curing {unknown}
 n - a potion of cancellation {unknown}

Dungeon Overview and Level Annotations

Branches:
Dungeon (4/15)
 Temple: D:4-7

Altars:
Makhleb
Xom

Annotations:
D:4 Robin


Message History

The adder bites you but does no damage.
You shoot a sling bullet. The sling bullet misses the adder.
The sling bullet hits the goblin.
The goblin is severely wounded.
The goblin hits you with a +0 club. The hobgoblin closely misses you.
The goblin hits you with a +0 dagger. The goblin barely misses you. x2
The hobgoblin misses you. The adder barely misses you.
You shoot a sling bullet. The sling bullet hits the adder.
The adder is almost dead.
The adder completely misses you. The hobgoblin misses you.
The goblin closely misses you. The goblin completely misses you.
The hobgoblin closely misses you. The goblin barely misses you. x2
The adder bites you but does no damage.
You shoot a sling bullet. The sling bullet hits the adder.
You kill the adder!
The hobgoblin hits you but does no damage.
The goblin hits you with a +0 dagger. The goblin hits you but does no damage.
The goblin hits you with a +0 club.
You shoot a sling bullet.
The sling bullet completely misses the goblin.
The goblin closely misses you. The hobgoblin barely misses you.
The goblin hits you but does no damage. The goblin closely misses you.
The goblin misses you. The hobgoblin hits you.
The goblin unwields a +0 sling.
The goblin wields a +0 club.
The goblin hits you but does no damage. The goblin misses you.
The goblin barely misses you. The hobgoblin closely misses you.
The goblin hits you with a +0 dagger. The goblin closely misses you.
The hobgoblin hits you but does no damage.
2263 ||| READING scroll of teleportation.
As you read the scroll of teleportation, it crumbles to dust.
You feel strangely unstable. The goblin hits you with a +0 club.
The goblin barely misses you. The hobgoblin hits you. The goblin misses you.
The goblin hits you with a +0 dagger. The hobgoblin barely misses you.
The goblin barely misses you.
You shoot a sling bullet. The sling bullet hits the goblin.
The goblin is severely wounded.
The goblin hits you with a +0 club. The goblin misses you.
The goblin hits you with a +0 dagger.
You die...

#.# #.# .. ##..... #.#
#.# ....... #.# ..#
....... # #.# #.#
.....)) ###.###
#.###....... ......####
#...gg.%..). .........#
###.ggg......
#..####..###...g@gg.....
#..<###.....####gg......
#......>..# #........
#.######.!# ##........
### #.# ##.###..... #
#.# ##.## #.... #
##.###.## ####
####..%.<##
####....##..#


You could see Robin, 3 hobgoblins and 6 goblins.

Vanquished Creatures
  An orc priest (D:3)
  Jessica (D:2)
  An orc wizard (D:3)
  4 gnolls (D:2)
  10 adders
  A worm (D:2)
  2 dart slugs (D:1)
  8 orcs (D:3)
  7 bats
  An endoplasm (D:1)
  2 giant cockroaches
  10 goblins
  5 hobgoblins
  6 kobolds
  3 quokkas
  6 ball pythons
  4 frilled lizards
  3 rats
75 creatures vanquished.

Notes
Turn   | Place    | Note
-------+----------+-------------------------------------------
     0 | D:1      | qw the Gargoyle Hexslinger began the quest for the Orb.
     0 | D:1      | Reached XP level 1. HP: 12/12 MP: 2/2
     0 | D:1      | 0 ||| qw: Version: 0.3-a-24-g62f9e04
     0 | D:1      | 0 ||| qw: Game counter: 6717
     0 | D:1      | 0 ||| qw: Melee chars always use a shield: true
     0 | D:1      | 0 ||| qw: God list: Okawaru
     0 | D:1      | 0 ||| qw: Allow faded altars: false
     0 | D:1      | 0 ||| qw: Do Orc after clearing Dungeon:15 true
     0 | D:1      | 0 ||| qw: Do second Lair branch before Depths: true
     0 | D:1      | 0 ||| qw: Lair rune preference: random
     0 | D:1      | 0 ||| qw: Goals: Normal
     0 | D:1      | 0 ||| PLANNING D:1-11
   319 | D:1      | Reached XP level 2. HP: 16/16 MP: 3/3
   479 | D:1      | Reached skill level 3 in Ranged Weapons
   544 | D:1      | 544 ||| READING scroll labelled QIYCHO METTOM.
   548 | D:1      | 548 ||| READING scroll labelled RUNTIS RIXTIE.
   549 | D:1      | 549 ||| DROPPING scroll of poison.
   597 | D:2      | Noticed Jessica
   607 | D:2      | Killed Jessica
   608 | D:2      | Reached XP level 3. HP: 22/22 MP: 4/4
   746 | D:2      | Reached XP level 4. HP: 27/27 MP: 5/5
   821 | D:2      | Found a shimmering altar of Xom.
   873 | D:2      | 873 ||| UPGRADING to +2 robe of willpower.
   883 | D:2      | 883 ||| DROPPING +0 robe.
   884 | D:2      | 884 ||| DRINKING 2 fuming brown potions.
   885 | D:2      | 885 ||| DRINKING 2 smoky puce potions.
   886 | D:2      | 886 ||| DROPPING potion of attraction.
   887 | D:2      | 887 ||| DROPPING potion of degeneration.
   929 | D:2      | 929 ||| UPGRADING to +5 ring of evasion.
  1085 | D:2      | Reached skill level 4 in Ranged Weapons
  1192 | D:2      | Reached XP level 5. HP: 27/31 MP: 6/6
  1227 | D:2      | 1227 ||| FLEEEEING.
  1228 | D:2      | 1228 ||| FLEEEEING.
  1229 | D:2      | 1229 ||| FLEEEEING.
  1230 | D:2      | 1230 ||| FLEEEEING.
  1231 | D:2      | 1231 ||| FLEEEEING.
  1234 | D:2      | 1234 ||| FLEEEEING.
  1235 | D:2      | 1235 ||| FLEEEEING.
  1236 | D:2      | 1236 ||| FLEEEEING.
  1237 | D:2      | 1237 ||| FLEEEEING.
  1438 | D:3      | Reached skill level 5 in Ranged Weapons
  1490 | D:3      | Reached skill level 3 in Fighting
  1604 | D:3      | Reached XP level 6. HP: 37/37 MP: 7/7
  1684 | D:3      | Found a burning altar of Makhleb.
  2077 | D:3      | 2077 ||| READING scroll labelled PIFILE LIGRY.
  2078 | D:3      | 2078 ||| READING scroll labelled WEVUAS ENKYOSE.
  2079 | D:3      | 2079 ||| DRINKING 2 murky green potions.
  2251 | D:4      | Noticed Robin
  2262 | D:4      | HP: 8/37 [goblin/+0 dagger (4)]
  2263 | D:4      | 2263 ||| READING scroll of teleportation.
  2263 | D:4      | HP: 3/37 [goblin/+0 dagger[Robin] (2)]
  2264 | D:4      | HP: 1/37 [goblin/+0 club[Robin] (3)]
  2264 | D:4      | Slain by a goblin

Levels and vault maps discovered:
D:1:      lightli_arrival_maybe_door_vault, layout_loops_cross
D:2:      layout_basic, basic_altar, kennysheep_generic_room_16, uniq_jessica
D:3:      wander_river, layout_basic, lightli_temple_of_fire,
          minmay_misc_feat_columns
D:4:      layout_layer_cave, minmay_temple_entry_offerings, kennysheep_path_1,
          dreamdust_mushroom_princess, uniq_robin

Skill      XL: |  1  2  3  4  5 |
---------------+----------------+-----
Ranged Weapons | 3 4 5 |  5.8
Fighting       | 2 3 |  3.0
Dodging        | |  1.5
Spellcasting   | |  1.0
Hexes          | |  2.6

Action                     |  1- 3 |  4- 6 || total
---------------------------+-------+-------++-------
   Fire: Sling             |    57 |   219 ||   276
    Use: Scroll            |     2 |     3 ||     5
         Potion            |       |     3 ||     3
 Armour: Robe              |       |    49 ||    49
  Dodge: Dodged            |    16 |   161 ||   177

Table legend:
 A = Non-vault XP
 B = Vault XP
 C = Vault XP percentage of total XP
 D = Non-vault monster count
 E = Vault monster count
 F = Vault count percentage of total count
                 A         B        C        D         E       F
            +---------+---------+-------+---------+---------+-------
      Total |     366 |      46 |  11.2 |      68 |       7 |   9.3
            +---------+---------+-------+---------+---------+-------
        D:1 |      24 |       0 |   0.0 |      13 |       0 |   0.0
        D:2 |     148 |      40 |  21.3 |      22 |       3 |  12.0
        D:3 |     164 |       0 |   0.0 |      29 |       0 |   0.0
        D:4 |      30 |       6 |  16.7 |       4 |       4 |  50.0
            +---------+---------+-------+---------+---------+-------
